 Dungeon Crawl Stone Soup version 0.31.0-11-ge490571c62 (webtiles) character file.

Game seed: 10867999434892863709

51 qw the Shooter (level 3, 0/18 HPs)
             Began as a Spriggan Hunter on Feb 3, 2024.
             Succumbed to their own poison gas
             ... on level 1 of the Dungeon.
             The game lasted 00:00:03 (896 turns).

qw the Shooter (Spriggan Hunter)                     Turns: 896, Time: 00:00:04

Health: 0/18       AC:  2    Str:  7    XL:     3   Next: 57%
Magic:  4/4        EV: 19    Int: 10    God:
Gold:   32         SH:  0    Dex: 20    Spells: 2/2 levels left

rFire   . . .        a - +1 shortbow
rCold   . . .        (shield currently unavailable)
rNeg    . . .        c - +0 robe
rPois   .            (helmet restricted)
rElec   .            (no cloak)
rCorr   .            (gloves unavailable)
SInv    +            (boots unavailable)
Will    .....        (no amulet)
Stlth   ++           (no ring)
HPRegen 0.23/turn    (no ring)
MPRegen 0.09/turn

%: no passive effects
@: lethally poisoned (0 -> -5), very quick
A: very small, no large weapons, unfitting armour, see invisible, speed 3
a: no special abilities


You were on level 1 of the Dungeon.
You visited 1 branch of the dungeon, and saw 1 of its levels.

You collected 32 gold pieces.


Innate Abilities, Weirdness & Mutations

You are very small and have problems with some larger weapons.
You are too small for most types of armour.
You have supernaturally acute eyesight. (SInv)
You cover ground extremely quickly. (Speed+++)


   Skills:
 - Level 1.5 Fighting
 + Level 4.8 Ranged Weapons
 - Level 4.0 Dodging
 - Level 1.5 Stealth


You had 2 spell levels left.
You didn't know any spells.
Your spell library was empty.

Inventory:

Hand Weapons
 a - a +1 shortbow (weapon)
Armour
 c - a +0 robe (worn)

Dungeon Overview and Level Annotations

Branches:
Dungeon (1/15)

Altars:


Message History

889 ||| DROPPING potion of berserk rage.
You drop a potion of berserk rage.
Partly explored, can't reach some places.
What level of the Dungeon? (default 1, ? - help) Sorry, I don't know how to get there.
Enter note:
Enter note:
Enter note:
Enter note:
Enter note:
Enter note:
Enter note:
Enter note:
Enter note:
Enter note:
Enter note:
Enter note:
Enter note:
Enter note:
Enter note:
Enter note:
Enter note:
Enter note: You are engulfed in poison gas.
You are lethally poisoned!
You feel very sick.
891 ||| Stepping ~*~*~tactically~*~*~ (cloud).
You feel very sick.
Things that are here:
a potion of berserk rage; a scroll of butterflies
There is a lethal amount of poison in your body!
You feel very sick.
There is a lethal amount of poison in your body!
You feel very sick.
There is a lethal amount of poison in your body!
You feel sick.
There is a lethal amount of poison in your body!
You feel sick.
There is a lethal amount of poison in your body!
You die...

...~778.#7~.......~7#.877~#
...~#~#.##77.....77##.#~#~#
###~###'######'######'###~#
# #~#8...8##8#'#8##8...8#~#
###~#.....'.......'.....#~#
.##~#>...8####8####8....#
.##~#######~#~7~#~#######
..#~~~~~~000#####¤0~¤¤¤~
..####...00¤¤¤0.@# ..#
#....¤000¤¤0# ..#
#...0000¤0¤¤# ..#
#....¤¤0¤¤00# ..#
#...00¤0¤.0¤# ..#
#...¤¤¤00¤0¤#
..####...0000000¤#
[....'...000¤0000#
'#####...........#


There were no monsters in sight!

Vanquished Creatures
  A dart slug (D:1)
  5 bats (D:1)
  6 endoplasms (D:1)
  3 giant cockroaches (D:1)
  A goblin (D:1)
  5 hobgoblins (D:1)
  11 jackals (D:1)
  4 kobolds (D:1)
  A quokka (D:1)
  A frilled lizard (D:1)
  A rat (D:1)
39 creatures vanquished.

Notes
Turn   | Place    | Note
-------+----------+-------------------------------------------
     0 | D:1      | qw the Spriggan Hunter began the quest for the Orb.
     0 | D:1      | Reached XP level 1. HP: 10/10 MP: 2/2
     0 | D:1      | 0 ||| qw: Version: 0.3-a-158-g18b3111
     0 | D:1      | 0 ||| qw: Game counter: 4112
     0 | D:1      | 0 ||| qw: Melee chars always use a shield: true
     0 | D:1      | 0 ||| qw: God list: Okawaru
     0 | D:1      | 0 ||| qw: Allow faded altars: false
     0 | D:1      | 0 ||| qw: Do Orc after clearing Dungeon:15 true
     0 | D:1      | 0 ||| qw: Do second Lair branch before Depths: true
     0 | D:1      | 0 ||| qw: Lair rune preference: random
     0 | D:1      | 0 ||| qw: Goals: Normal
     0 | D:1      | 0 ||| PLANNING D:1-11
    67 | D:1      | Reached skill level 3 in Dodging
   133 | D:1      | Reached XP level 2. HP: 14/14 MP: 3/3
   309 | D:1      | Reached XP level 3. HP: 18/18 MP: 4/4
   884 | D:1      | 884 ||| READING scroll labelled LEKILLOKUF.
   884 | D:1      | 884 ||| IDENTIFYING yellow potion
   885 | D:1      | 885 ||| READING scroll labelled WINLOT CUGET.
   886 | D:1      | 886 ||| READING scroll labelled FEAWUA DYRAS.
   886 | D:1      | 886 ||| ENCHANTING +0 shortbow.
   887 | D:1      | 887 ||| READING scroll labelled OCAXONT ROUC.
   888 | D:1      | 888 ||| DROPPING scroll of butterflies.
   889 | D:1      | 889 ||| DROPPING potion of berserk rage.
   891 | D:1      | 891 ||| Stepping ~*~*~tactically~*~*~ (cloud).
   894 | D:1      | HP: 4/18 [poisoned by you (poison gas)]
   896 | D:1      | Succumbed to their own poison gas

Levels and vault maps discovered:
D:1:      saegor_arrival_fortress, layout_basic

Skill      XL: |  1  2 |
---------------+-------+-----
Dodging        | 3 4 |  4.0
Fighting       | |  1.5
Ranged Weapons | |  4.8
Stealth        | |  1.5

Action                     || total
---------------------------++-------
   Fire: Shortbow          ||   103
    Use: Scroll            ||     4
 Armour: Robe              ||    11
  Dodge: Dodged            ||    59

Table legend:
 A = Non-vault XP
 B = Vault XP
 C = Vault XP percentage of total XP
 D = Non-vault monster count
 E = Vault monster count
 F = Vault count percentage of total count
                 A         B        C        D         E       F
            +---------+---------+-------+---------+---------+-------
      Total |      73 |       0 |   0.0 |      39 |       0 |   0.0
            +---------+---------+-------+---------+---------+-------
        D:1 |      73 |       0 |   0.0 |      39 |       0 |   0.0
            +---------+---------+-------+---------+---------+-------
